Map: Dasan Station LE

Players

Cyan - Winner!

  • Race: Protoss Protoss

Kelazhur

  • Race: Terran Terran

Event: WCS Copa Intercontinental

VOD

Have the link to the VOD?

Description

Time

  • Played on: Sept. 10, 2016, 1:43 p.m.
  • Length: 12:09

All games in this series

Show
View Real Time Build Order
Export as new Build Order

Cyan Protoss - Winner!

Build Orders: 1 Gate Expand 

Get SALT Encoding   

  12  0:01  Probe (Chrono Boost)  
  13  0:11  Probe (Chrono Boost)  
  14  0:17  Pylon  
  14  0:22  Probe (Chrono Boost)  
  15  0:35  Probe (Chrono Boost)  
  16  0:37  Gateway  
  16  0:42  Assimilator  
  16  0:45  Probe (Chrono Boost)  
  17  0:56  Probe (Chrono Boost)  
  18  1:06  Probe (Chrono Boost)  
  19  1:17  Probe (Chrono Boost)  
  20  1:22  Nexus  
  20  1:31  Cybernetics Core  
  20  1:34  Probe (Chrono Boost)  
  21  1:41  Assimilator  
  21  1:45  Probe (Chrono Boost)  
  22  1:50  Pylon  
  22  1:55  Probe (Chrono Boost)  
  22  1:56  Warp Gate  
  23  2:08  Stalker  
  23  2:10  Probe (Chrono Boost)  
  26  2:22  Mothership Core (Chrono Boost)  
  28  2:36  Robotics Facility, Probe (Chrono Boost)  
  29  2:41  Probe (Chrono Boost)  
  29  2:42  Stalker  
  30  2:48  Probe (Chrono Boost)  
  33  2:53  Probe (Chrono Boost)  
  33  2:55  Gateway  
  34  3:04  Gateway  
  34  3:11  Stalker  
  35  3:16  Pylon  
  37  3:20  Probe (Chrono Boost)  
  37  3:24  Observer  
  37  3:25  Probe (Chrono Boost)  
  39  3:29  Pylon  
  39  3:32  Probe (Chrono Boost)  
  40  3:41  Pylon  
  40  3:46  Immortal  
  44  3:58  Stalker x2  
  48  4:03  Stalker  
  50  4:11  Pylon  
  48  4:25  Stalker x2  
  48  4:27  Stalker  
  48  4:28  Warp Prism  
  56  4:40  Probe x2 (Chrono Boost)  
  56  4:45  Stalker  
  56  4:48  Stalker  
  56  4:52  Probe (Chrono Boost)  
  61  4:53  Pylon  
  61  4:56  Probe (Chrono Boost)  
  62  5:00  Stalker  
  62  5:05  Probe (Chrono Boost)  
  65  5:08  Pylon  
  65  5:09  Probe (Chrono Boost)  
  66  5:16  Probe (Chrono Boost)  
  66  5:18  Twilight Council  
  66  5:20  Probe (Chrono Boost)  
  68  5:26  Observer  
  69  5:29  Probe (Chrono Boost)  
  69  5:32  Probe (Chrono Boost)  
  69  5:33  Assimilator  
  71  5:37  Assimilator  
  71  5:40  Probe (Chrono Boost)  
  72  5:43  Probe (Chrono Boost)  
  73  5:51  Probe (Chrono Boost)  
  73  5:52  Blink  
  74  6:01  Probe (Chrono Boost)  
  75  6:08  Gateway  
  75  6:11  Gateway  
  74  6:13  Gateway  
  74  6:15  Adept  
  74  6:16  Adept x2  
  74  6:17  Gateway  
  80  6:20  Pylon  
  80  6:26  Immortal  
  80  6:31  Probe (Chrono Boost)  
  85  6:44  Probe (Chrono Boost)  
  86  6:48  Probe (Chrono Boost)  
  86  6:52  Sentry x2  
  86  6:53  Sentry  
  93  6:54  Pylon  
  93  6:55  Pylon  
  93  6:56  Gateway, Probe (Chrono Boost)  
  94  7:07  Immortal  
  94  7:09  Pylon  
  94  7:10  Pylon  
  94  7:15  Forge  
  97  7:31  Adept x4  
  97  7:32  Adept x3  
  111  7:38  Protoss Ground Weapons Level 1  
  111  7:45  Observer  
  112  7:53  Resonating Glaives  
  112  7:56  Nexus  
  112  7:58  Pylon  
  112  8:03  Pylon  
  112  8:05  Observer  
  113  8:20  Stalker x2  
  113  8:21  Stalker x3  
  123  8:27  Observer  
  123  8:28  Dark Shrine  
  124  8:38  Adept x2  
  128  8:44  Probe x2 (Chrono Boost)  
  130  8:52  Pylon, Stalker  
  131  9:09  Stalker x4  
  135  9:11  Adept x2  
  139  9:18  Protoss Ground Armor Level 1  
  137  9:41  Assimilator, Immortal  
  137  9:44  Assimilator  
  137  9:52  Adept x2  
  143  9:53  Adept x5  
  151  10:10  Probe x2 (Chrono Boost)  
  152  10:17  Stalker x4  
  160  10:25  Stalker x2  
  154  10:37  Pylon  
  154  10:38  Pylon, Nexus  
  154  10:39  Pylon  
  154  10:40  Pylon  
  154  10:42  Pylon  
  154  10:45  Stalker x3  
  154  10:58  Dark Templar x3  
  154  11:01  Dark Templar  
  156  11:23  Probe (Chrono Boost)  
  141  11:28  Adept x3  
  141  11:31  Adept x3  
  145  11:39  Forge  
  139  11:54  Adept x6  
  127  11:56  Adept  
Show
View Real Time Build Order
Export as new Build Order

Kelazhur Terran 

Build Orders: 1/1/1, Liberator Opening, Bio Tank 

Get SALT Encoding   

  12  0:00  SCV  
  13  0:12  SCV  
  14  0:17  Supply Depot  
  14  0:25  SCV  
  15  0:39  SCV, Barracks  
  16  0:43  Refinery  
  16  0:51  SCV  
  16  0:52  Refinery  
  17  1:03  SCV  
  18  1:15  SCV  
  19  1:26  Marine  
  19  1:27  Orbital Command  
  19  1:31  Factory  
  20  1:40  Supply Depot  
  20  1:44  Barracks Reactor  
  21  1:54  SCV  
  21  2:06  SCV  
  24  2:15  Starport  
  24  2:18  SCV  
  24  2:21  Marine x2  
  27  2:25  Factory Tech Lab  
  25  2:30  SCV  
  25  2:32  Supply Depot  
  26  2:38  Marine  
  26  2:39  Marine  
  26  2:42  SCV  
  29  2:54  Siege Tank  
  29  2:56  Marine x2  
  34  3:02  Medivac  
  36  3:07  Supply Depot  
  36  3:14  Marine x2  
  38  3:23  Liberator  
  38  3:27  Command Center  
  38  3:31  SCV  
  41  3:44  Marine x2  
  43  3:51  Cyclone  
  47  4:01  Supply Depot  
  47  4:12  Marine  
  47  4:13  SCV  
  47  4:14  Marine  
  47  4:16  Barracks  
  46  4:33  Marine x2  
  42  4:39  Siege Tank  
  42  4:43  Bunker  
  42  4:45  Orbital Command  
  42  4:50  SCV  
  43  4:54  Marine x2  
  45  5:01  Medivac  
  45  5:03  SCV  
  45  5:04  Barracks Tech Lab  
  48  5:15  SCV, Marine x2  
  48  5:18  SCV  
  55  5:21  Siege Tank  
  55  5:27  Engineering Bay  
  55  5:28  SCV  
  55  5:31  Marine  
  55  5:32  SCV  
  55  5:34  Starport Reactor  
  58  5:36  Marine  
  58  5:37  Refinery  
  58  5:39  Marine  
  58  5:40  SCV  
  60  5:44  SCV  
  61  5:50  Marine  
  61  5:52  SCV  
  61  5:54  Marine  
  61  5:56  SCV  
  61  5:57  Siege Tank, Marine  
  69  6:05  SCV  
  69  6:08  Supply Depot  
  69  6:11  Terran Infantry Weapons Level 1, Supply Depot  
  70  6:20  Barracks Tech Lab  
  70  6:25  SCV  
  70  6:29  Marine x2  
  70  6:30  Medivac x2, SCV  
  77  6:34  Supply Depot  
  77  6:36  Supply Depot  
  77  6:37  SCV  
  75  6:41  Marine  
  75  6:42  SCV, Stimpack  
  76  6:49  SCV  
  77  6:54  SCV  
  77  6:56  Marine x2  
  77  6:59  Siege Tank, Marine  
  77  7:01  SCV  
  85  7:06  SCV  
  85  7:10  Refinery  
  85  7:13  Command Center  
  85  7:14  Marine x2  
  87  7:20  Liberator x2  
  89  7:31  Marauder  
  89  7:34  Marine x2  
  89  7:36  SCV  
  92  7:40  SCV, Supply Depot  
  92  7:42  Supply Depot  
  98  7:50  Missile Turret  
  98  7:52  Marine x2  
  98  7:53  Marauder  
  102  8:01  SCV x2  
  102  8:02  Supply Depot  
  104  8:07  Siege Tank  
  107  8:13  SCV  
  107  8:18  Marine, Marauder  
  108  8:23  Marine  
  109  8:32  Orbital Command  
  109  8:36  Marine  
  109  8:39  Barracks, Terran Infantry Armor Level 1  
  109  8:40  Marauder  
  112  8:43  Marine, Combat Shields  
  112  8:45  Siege Tank  
  116  8:50  Medivac  
  116  8:53  Medivac  
  119  9:04  Marine x2  
  119  9:05  Marauder  
  123  9:23  Marine x2  
  125  9:25  Siege Tank  
  128  9:34  Marine  
  128  9:35  Marauder  
  130  9:38  Armory  
  130  9:41  Marine  
  131  9:48  SCV x2  
  131  9:49  SCV  
  127  10:02  Marine x2  
  125  10:16  Marauder  
  127  10:22  Marine x3  
  127  10:25  SCV x2  
  127  10:37  Marauder  
  127  10:40  Marine x3  
  120  10:58  Marine x3  
  120  10:59  SCV x2, Marauder  
  120  11:03  Orbital Command  
  126  11:11  SCV  
  127  11:15  Marine  
  127  11:16  Marine  
  124  11:20  Marauder  
  109  11:29  Marine  
  100  11:33  Marine  
  100  11:35  Missile Turret  
  100  11:36  Missile Turret  
  101  11:41  Marine  
  98  11:49  Marine  
Tags
 
Add a new tag
Caveats
  • Supply blocks, unpowered buildings, or Contaminate may cause inaccurate times.
  • Supply counts are checked every 10 seconds.